 Dungeon Crawl Stone Soup version 0.29.1-13-g9f3cf754e1 (webtiles) character file.

Game seed: 17008996527502375814

1696 hawla the Chiller (level 9, -11/67 HPs)
             Began as a Meteoran Ice Elementalist on Jan 22, 2023.
             Killed from afar by Maggie (19 damage)
             ... with a bolt of fire
             ... on level 6 of the Dungeon.
             The game lasted 00:11:11 (2306 turns).

hawla the Chiller (Meteoran Ice Elementalist)       Turns: 2306, Time: 00:11:12

Health: -11/67     AC: -4    Str: 13    XL:     9   Next: 46%
Magic:  6/20       EV: 13    Int: 20    God:
Gold:   212        SH:  0    Dex: 15    Spells: 10/22 levels left

rFire   . . .      SeeInvis .   p - +0 falchion
rCold   . . .      Faith    .   (no shield)
rNeg    . . .      Spirit   .   a - +0 robe
rPois   .          Reflect  .   (no helmet)
rElec   .          Harm     .   (no cloak)
rCorr   .          Rampage  .   (no gloves)
Will    +....                   k - +1 pair of boots
Stlth   +.........              f - amulet of magic regeneration
HPRegen 0.21/turn               (no ring)
MPRegen 0.57/turn               (no ring)

@: silenced, corroded, glowing, unable to drink
A: sense surroundings 2, otherworldly, glowing, explore regen, strong 1,
inability to drink after injury 1
a: no special abilities


You were on level 6 of the Dungeon.
You visited 1 branch of the dungeon, and saw 6 of its levels.
You also visited: Sewer.

You collected 212 gold pieces.

Inventory:

Hand Weapons
 p - a +0 falchion (weapon)
Armour
 a - a +0 robe (worn)
 k - a +1 pair of boots (worn)
Jewellery
 f - an amulet of magic regeneration (around neck)
Wands
 j - a wand of digging (6)
Scrolls
 c - a scroll of identify
 d - a scroll of enchant armour
 q - a scroll of teleportation
Potions
 b - a potion of magic
 e - 3 potions of brilliance
 g - a potion of lignification
 h - a potion of might
 l - 2 potions of heal wounds
 n - a potion of curing
 o - 2 potions of cancellation


   Skills:
 + Level 2.0 Fighting
 + Level 1.0 Long Blades
 + Level 3.9 Dodging
 - Level 1.4 Stealth
 + Level 7.1 Spellcasting
 + Level 5.6 Conjurations
 + Level 5.4 Fire Magic
 + Level 7.2 Ice Magic
 + Level 3.0 Evocations


You had 10 spell levels left.
You knew the following spells:

 Your Spells              Type           Power      Damage    Failure   Level
a - Freeze                Ice            100%       1d11      1%          1
b - Frozen Ramparts       Ice            72%        1d11      1%          3
c - Hailstorm             Conj/Ice       33%        3d8       6%          4
d - Flame Wave            Conj/Fire      29%        2d9       10%         4

Your spell library contained the following spells:

 Spells                   Type           Power      Damage    Failure   Level
 Foxfire                  Conj/Fire      100%       2x1d9     1%          1
 Ozocubu's Armour         Ice            36%        N/A       1%          3
 Conjure Flame            Conj/Fire      29%        6-21      3%          3
 Inner Flame              Hex/Fire       18%        N/A       9%          3


Dungeon Overview and Level Annotations

Branches:
Dungeon (6/15) Zot: 1640   Temple (0/1) D:6           Sewer (visited)

Altars:
Ashenzari
Sif Muna
Xom

Shops:
D:4 (

Annotations:
D:6 Maggie


Innate Abilities, Weirdness & Mutations

You passively map the area around you.
You are easily found by Zot.
You glow in the dark.
You regain HP and MP as you explore.
Your muscles are strong. (Str +4, Int/Dex -1)
You occasionally lose the ability to drink potions when taking damage.


Message History

Maggie mumbles some strange words.
Maggie attempts to bespell you!
You are mesmerised by Maggie!
The jelly hits you. The acid corrodes you!
You are splashed with acid!
Casting: Flame Wave (dangerous; 10% risk of failure)
Confirm with . or Enter, or press ? or * to list all spells.
Casting: Frozen Ramparts (safe; 1% risk of failure)
Press: ? - help, Dir - look around, f - activate The walls around you are covered in ice.
The wall freezes the hound.
The hound bites you.
The wall freezes the hound.
The hound bites you.
The wall freezes the jelly!
The jelly closely misses you.
Unknown command.
Casting: Frozen Ramparts (safe; 1% risk of failure)
Confirm with . or Enter, or press ? or * to list all spells.
Aiming: Freeze (safe; 1% risk of failure)
Press: ? - help, Shift-Dir - straight line, f - jelly
Aim: a jelly (almost dead)
You freeze the jelly!
You kill the jelly!
The wall freezes the hound.
The hound barely misses you.
Maggie points at you and mumbles some strange words.
The bolt of fire hits you!!
* * * LOW HITPOINT WARNING * * *
You feel much better.
The wall freezes the hound!
You kill the hound!
Your Fighting skill increases to level 2!
Maggie casts a spell at you. The bolt of fire hits you!!
You feel threatened and lose the ability to drink potions!
* * * LOW HITPOINT WARNING * * *
You cannot drink potions in your current state!
Unknown command.
As you read the scroll of silence, it crumbles to dust.
A profound silence engulfs you.
You are no longer entranced.
Your frozen ramparts will break if you move.
Continue?
The frozen ramparts melt away as you move.
Maggie gestures at you while chanting. The bolt of fire hits you!!
You die...

....#......##............ *
....#......##............,
,**
.........####............,*
......................... *
*
(.......#.........[.@....,
,
....#....................,
* #####......##....#....# ,
.. #...(..##......# ,,, *
.. #......##...@#####... ,
.. #.............))).... ,
.. *#.............)...... ,
..,*#.........#.......###,
* .. *#..................#
.. #........#.........# ..,
#.......>+.....###.# * ..,
#........##....# ..., ..
#........##....# ## *


You could see Maggie.

Vanquished Creatures
  Eustachio (D:5)
  2 water moccasins
  2 black bears
  3 ogres (D:5)
  A phantom (D:5)
  2 kobold brigands (Sewer)
  2 necrophages
  A howler monkey (D:4)
  A jelly (D:6)
  3 hounds
  An orc priest (D:5)
  2 gnoll boudas
  6 orc wizards
  5 gnolls (D:6)
  4 adders
  A river rat (D:6)
  A shadow imp (D:5)
  3 worms
  3 dart slugs
  18 orcs
  5 endoplasms
  4 goblins
  2 hobgoblins
  4 jackals
  8 kobolds
  A quokka (D:4)
  5 ball pythons
  2 frilled lizards (D:2)
  3 rats
96 creatures vanquished.

Vanquished Creatures (others)
  5 plants (D:5)
5 creatures vanquished.

Grand Total: 101 creatures vanquished

Notes
Turn   | Place    | Note
-------+----------+-------------------------------------------
     0 | D:1      | hawla the Meteoran Ice Elementalist began the quest for the
                  | Orb.
     0 | D:1      | Reached XP level 1. HP: 14/14 MP: 5/5
    33 | D:2      | Reached XP level 2. HP: 13/20 MP: 0/6
   167 | D:2      | Reached XP level 3. HP: 6/26 MP: 2/8
   172 | D:2      | Learned a level 3 spell: Frozen Ramparts
   211 | D:3      | Reached skill level 5 in Ice Magic
   382 | D:4      | Reached XP level 4. HP: 33/33 MP: 6/10
   387 | D:4      | Learned a level 4 spell: Hailstorm
   393 | D:4      | Found a shimmering blue altar of Sif Muna.
   394 | D:4      | Noticed a water moccasin
   398 | D:4      | Killed a water moccasin
   399 | D:4      | Reached XP level 5. HP: 17/38 MP: 6/11
   460 | D:4      | Noticed a necrophage
   469 | D:4      | Killed a necrophage
   470 | D:4      | Reached skill level 5 in Conjurations
   470 | D:4      | Reached XP level 6. HP: 36/45 MP: 4/12
   756 | D:4      | Reached skill level 1 in Evocations
  1014 | D:4      | Found Qiwienec's Antique Weapon Shop.
  1038 | D:5      | Entered Level 5 of the Dungeon
  1038 | D:5      | Noticed an ogre
  1039 | D:5      | Noticed an ogre
  1041 | D:5      | Killed an ogre
  1042 | D:5      | Reached XP level 7. HP: 50/50 MP: 5/13
  1122 | D:5      | Reached skill level 5 in Spellcasting
  1146 | D:5      | Noticed Eustachio
  1153 | D:5      | Killed Eustachio
  1154 | D:5      | Reached skill level 1 in Fighting
  1154 | D:5      | Reached XP level 8. HP: 50/59 MP: 3/17
  1161 | D:5      | Learned a level 4 spell: Flame Wave
  1241 | D:5      | Found a shimmering altar of Xom.
  1433 | D:5      | Reached skill level 5 in Fire Magic
  1676 | D:5      | Found a broken altar of Ashenzari.
  1823 | D:6      | Gained mutation: You occasionally lose the ability to drink
                  | potions when taking damage. [potion of mutation]
  1823 | D:6      | Gained mutation: Your muscles are strong. (Str +4, Int/Dex
                  | -1) [potion of mutation]
  1825 | D:6      | Found a glowing drain.
  1836 | Sewer    | Entered a sewer
  1939 | Sewer    | Gained mutation: You passively map the area around you.
                  | [Meteoran growth]
  1939 | Sewer    | Reached XP level 9. HP: 49/64 MP: 16/19
  2263 | D:6      | Reached skill level 1 in Long Blades
  2298 | D:6      | Noticed Maggie
  2306 | D:6      | Killed from afar by Maggie

Illustrated notes

Levels and vault maps discovered:
D:1:      ebering_trefoil_twist, layout_rooms, ebering_ecumenical_altar_ruins,
          serial_shops, nicolae_shop_stone, shop, shop_fountains, shop,
          minmay_misc_feat_encased, nrook_uturn, nrook_mini_backslash
D:2:      layout_loops_corners, minmay_indecisive_spiral
D:3:      layout_rooms, ebering_ghost_disaster_area, serial_shops, shop,
          grunt_ministairs_13
D:4:      layout_loops_ring, mainiacjoe_overflow_six_doors_small, serial_shops,
          nicolae_shop_behind_doors
D:5:      layout_loops_cross, marbit_many_paths,
          mainiacjoe_overflow_surrounded_room, serial_bayou_pond_b,
          hangedman_decor_lopped, uniq_eustachio
D:6:      layout_basic, nicolae_hepliaklqana_monster_ancestors,
          minmay_temple_entry_nine_rooms, portal_sewer_entry_b, uniq_maggie

Skill      XL: |  1  2  3  4  5  6  7  8  9 |
---------------+----------------------------+-----
Spellcasting   | 3 5 6 7 |  7.1
Ice Magic      | 5 6 7 |  7.2
Conjurations   | 4 5 |  5.6
Evocations     | 3 |  3.0
Fighting       | 1 2 |  2.0
Dodging        | 3 |  3.9
Fire Magic     | 5 |  5.4
Long Blades    | 1 |  1.0
Stealth        | |  1.4

Action                   |  1- 3 |  4- 6 |  7- 9 || total
-------------------------+-------+-------+-------++-------
Melee: Unarmed           |    12 |    10 |     3 ||    25
       Punch             |     1 |       |       ||     1
       Falchion          |       |       |    46 ||    46
 Cast: Freeze            |    25 |    21 |    28 ||    74
       Frozen Ramparts   |     1 |    12 |    15 ||    28
       Hailstorm         |       |     1 |    20 ||    21
       Flame Wave        |       |       |    12 ||    12
  Use: Scroll            |     2 |       |     8 ||    10
       Potion            |     1 |       |     4 ||     5
Armor: Robe              |    11 |     3 |    19 ||    33
Dodge: Dodged            |    26 |    13 |    58 ||    97
